 Dungeon Crawl Stone Soup version 0.30.0-5-g1a98f26d00 (webtiles) character file.

Game seed: 15405275984118015162

5606 Edyrem the Fighter (level 11, -4/101 HPs)
             Began as a Formicid Hunter on May 9, 2023.
             Was an Elder of Cheibriados.
             Slain by a yak (10 damage)
             ... on level 9 of the Dungeon.
             The game lasted 00:27:44 (6800 turns).

Edyrem the Fighter (Formicid Hunter)                Turns: 6800, Time: 00:27:45

Health: -4/101     AC: 22    Str: 38    XL:     11   Next: 3%
Magic:  11/11      EV: 33    Int: 18    God:    Cheibriados [****..]
Gold:   337        SH:  0    Dex: 32    Spells: 10/10 levels left

rFire   + + .        b - +4 long sword "Liskifih" {flame, rC+ Str+3}
rCold   + . .        (no shield)
rNeg    . . .        i - +9 ring mail of Clean Freedom {rElec rPois rF++ rCorr}
rPois   +            (helmet unavailable)
rElec   +            Q - +3 cloak of Xawouf {Str+6}
rCorr   +            s - +0 pair of gloves
SInv    +            e - +0 pair of boots
Will    +....        x - amulet of the acrobat
Stlth   ++           m - +6 ring of dexterity
HPRegen 0.36/turn    S - +5 ring of evasion
MPRegen 0.12/turn

%: acrobat
@: acrobatic, very slow
A: permanent stasis, dig shafts and tunnels, antennae 3, four strong arms
a: Dig, Shaft Self, Renounce Religion, Bend Time, Temporal Distortion, Slouch


You were on level 9 of the Dungeon.
You worshipped Cheibriados.
Cheibriados was greatly pleased with you.
You visited 2 branches of the dungeon, and saw 10 of its levels.
You also visited: Sewer and Ossuary.

You collected 585 gold pieces.
You spent 248 gold pieces at shops.

Inventory:

Hand Weapons
 a - a +0 shortbow of draining
 b - the +4 long sword "Liskifih" (weapon) {flame, rC+ Str+3}
   (You took it off an orc on level 7 of the Dungeon)

   Str:       It affects your strength (+3).
   rC:        It protects you from cold.
 N - a +0 giant spiked club
 R - a +2 heavy spear
Missiles
 n - 6 silver boomerangs (quivered)
Armour
 e - a +0 pair of boots (worn)
 i - the +9 ring mail of Clean Freedom (worn) {rElec rPois rF++ rCorr}
   (You found it on level 2 of the Dungeon)

   rF:        It greatly protects you from fire.
   rElec:     It insulates you from electricity.
   rPois:     It protects you from poison.
   rCorr:     It protects you from acid and corrosion.
 s - a +0 pair of gloves (worn)
 z - a +0 troll leather armour {Pargi}
 M - the scarf "Yduerch" {rC+ rF+, Harm rPois}
   (You bought it in a shop on level 6 of the Dungeon)

   rPois:     It protects you from poison.
   Harm:      It increases damage dealt and taken.
 Q - the +3 cloak of Xawouf (worn) {Str+6}
   (You found it on level 6 of the Dungeon)

   Str:       It affects your strength (+6).
Jewellery
 m - a +6 ring of dexterity (left hand)
 q - a ring of ice
 x - an amulet of the acrobat (around neck)
 S - a +5 ring of evasion (right hand)
Wands
 p - a wand of digging (5)
 D - a wand of flame (20)
 O - a wand of polymorph (22)
Scrolls
 d - 2 scrolls of immolation
 f - a scroll of silence {unknown}
 g - 2 scrolls of poison
 j - 4 scrolls of amnesia {unknown}
 o - 2 scrolls of fog {unknown}
 r - 4 scrolls of identify {@r1}
 t - 2 scrolls of fear {unknown}
 A - 3 scrolls of enchant weapon {unknown}
 C - 2 scrolls of magic mapping {unknown}
 H - a scroll of blinking {unknown}
 I - a scroll of torment {unknown}
 L - a scroll of vulnerability {unknown}
 P - a scroll of brand weapon {unknown}
Potions
 h - 2 potions of heal wounds {@q1}
 l - a potion of might
 v - 2 potions of flight
 w - a potion of resistance {unknown}
 B - a potion of ambrosia {unknown}
 E - 2 potions of mutation
 F - a potion of attraction {unknown}
 G - 2 potions of brilliance {unknown}
 J - a potion of invisibility {unknown}
 K - 3 potions of curing {@q2}


   Skills:
 * Level 14.3 Fighting
 + Level 6.1 Ranged Weapons
 + Level 7.8 Armour
 - Level 1.7 Dodging
 - Level 1.2 Stealth


You had 10 spell levels left.
You didn't know any spells.
Your spell library contained the following spells:

 Spells                   Type           Power      Damage    Failure   Level
 Freeze                   Ice            0%         1d3       28%         1
 Sting                    Tmut/Pois      0%         1d3       28%         1
 Lesser Beckoning         Tloc           0%         N/A       38%         2
 Poisonous Vapours        Pois/Air       0%         N/A       38%         2
 Frozen Ramparts          Ice            0%         1d1       63%         3
 Gell's Gravitas          Tloc           0%         N/A       63%         3
 Hailstorm                Conj/Ice       0%         3d3       63%         3
 Mephitic Cloud           Conj/Pois/Air  0%         N/A       63%         3
 Portal Projectile        Hex/Tloc       0%         N/A       63%         3
 Teleport Other           Tloc           0%         N/A       63%         3
 Tukima's Dance           Hex            0%         N/A       63%         3
 Volatile Blastmotes      Fire/Tloc      0%         2d10      63%         3
 Fulminant Prism          Conj/Hex       0%         3d5       95%         4
 Ice Form                 Ice/Tmut       0%         N/A       95%         4
 Iskenderun's Mystic Bla  Conj/Tloc      0%         2d3       95%         4
 Olgreb's Toxic Radiance  Pois           0%         N/A       95%         4
 Passage of Golubria      Tloc           0%         N/A       95%         4
 Summon Ice Beast         Ice/Summ       0%         N/A       95%         4
 Blade Hands              Tmut           0%         N/A       100%        5
 Freezing Cloud           Conj/Ice/Air   0%         6-21      100%        5
 Lee's Rapid Deconstruct  Erth           0%         3d4*      100%        5
 Yara's Violent Unravell  Hex/Tmut       0%         3d3       100%        5
 Simulacrum               Ice/Necr       0%         N/A       100%        6


Dungeon Overview and Level Annotations

Branches:
Dungeon (9/15)             Temple (1/1) D:4           Sewer (visited)
Ossuary (visited)
   Lair: D:8-11         Orc: D:9-12

Altars:
Ashenzari
Cheibriados
Dithmenos
Hepliaklqana
Nemelex Xobeh
Qazlal
Zin

Shops:
D:5 :   D:6 [   D:8 **?


Innate Abilities, Weirdness & Mutations

You cannot be hasted, slowed, berserked, paralysed or teleported.
You can dig through walls and to a lower floor.
You have a pair of large antennae on your head. (SInv)
Your four strong arms can wield two-handed weapons with a shield.


Message History

You slash the troll! You burn the troll.
You kill the troll!
Cheibriados appreciates the change of pace.
The orc misses you. The orc wizard closely misses you.
The orc warrior barely misses you. The yak barely misses you.
The yak closely misses you.
You have reached level 11!
You hit the yak. You burn the yak.
The yak is heavily wounded.
The orc hits you but does no damage.
The orc wizard mumbles some strange words.
The orc wizard flickers and vanishes for a moment.
The orc warrior hits you from afar with a +0 halberd!
The yak completely misses you. The yak gores you! x2
* * * LOW HITPOINT WARNING * * *
You hit the yak. You burn the yak.
The yak is heavily wounded.
The orc completely misses you.
The orc wizard hits you but does no damage.
The orc warrior barely misses you. The yak closely misses you.
The yak gores you but does no damage. x2; The yak gores you!
* * * LOW HITPOINT WARNING * * *
The orc warrior hits you but does no damage.
The yak gores you.
* * * LOW HITPOINT WARNING * * *
The orc misses you. The yak gores you but does no damage.
The orc wizard points at you and mumbles some strange words.
You resist with almost no effort.
You fail to use your ability.
The orc hits you but does no damage. The yak gores you.
* * * LOW HITPOINT WARNING * * *
The yak completely misses you.
The orc wizard hits you but does no damage.
The orc warrior barely misses you. The yak gores you but does no damage.
The yak attacks as you move away! The yak gores you but does no damage.
The orc wizard closely misses you.
The orc wizard attacks as you move away!
The orc wizard completely misses you. The yak attacks as you move away!
The yak gores you!
You die...

#................#
#.....<..###......
#...Y....#.......
.................##
..................##
..........#...†Y...#
...#...Y..###o.Yo..#
.Y.........#..##oY.##
..............{#@...#
...........##
............#
............#
.......<...##
.##.........#
#...........#
.........[.###
#.........##


You could see 3 yaks, an orc wizard (invisible) and an orc.

Vanquished Creatures
  Pikel (D:6)
  An oklob plant (D:7)
  A troll (D:9)
  Grinder (D:4)
  Prince Ribbit (D:8)
  Sigmund (D:3)
  A wyvern (D:7)
  2 yaks
  A steam dragon (D:8)
  A water moccasin (D:9)
  Pargi (Sewer)
  An ice beast (D:6)
  2 sky beasts
  4 ogres
  3 centaurs
  3 phantoms
  2 kobold brigands
  5 bullfrogs
  A gnoll sergeant (D:6)
  2 scorpions
  4 howler monkeys
  A centaur zombie (Ossuary)
  2 hounds
  11 jellies
  A quasit (D:7)
  3 orc priests
  3 human zombies (Ossuary)
  Jessica (D:3)
  Terence (D:2)
  A sleepcap (D:4)
  Ijyb (D:3)
  3 iguanas (D:5)
  4 orc wizards
  A hound zombie (Ossuary)
  3 mummies (Ossuary)
  Robin (D:3)
  6 gnolls
  A river rat (D:4)
  11 adders
  3 shadow imps
  2 white imps
  An ufetubus (D:7)
  5 adder zombies (Ossuary)
  3 dart slugs
  3 worms
  22 orcs
  3 ball pythons
  11 bats
  12 endoplasms
  7 giant cockroaches
  3 gnoll zombies (Ossuary)
  16 goblins
  6 hobgoblins
  2 jackals (D:3)
  7 quokkas
  A frilled lizard (D:3)
  2 goblin zombies (Ossuary)
  5 hobgoblin zombies (Ossuary)
  A jackal zombie (Ossuary)
  12 kobolds
  3 kobold zombies (Ossuary)
  2 orc zombies (Ossuary)
  4 quokka zombies (Ossuary)
  3 rats
  5 rat zombies (Ossuary)
238 creatures vanquished.

Notes
Turn   | Place    | Note
-------+----------+-------------------------------------------
     0 | D:1      | Edyrem the Formicid Hunter began the quest for the Orb.
     0 | D:1      | Reached XP level 1. HP: 16/16 MP: 1/1
    78 | D:1      | Reached XP level 2. HP: 19/23 MP: 2/2
    86 | D:1      | Reached skill level 3 in Fighting
   162 | D:1      | Found a faded altar of an unknown god.
   558 | D:2      | Identified the +9 ring mail of Clean Freedom {rElec rPois
                  | rF++ rCorr}
   732 | D:2      | Found a sparkling altar of Nemelex Xobeh.
   808 | D:2      | Reached XP level 3. HP: 29/29 MP: 3/3
   890 | D:2      | Reached skill level 4 in Fighting
  1155 | D:3      | Noticed Terence
  1192 | D:2      | HP: 1/30 [Terence/+0 hand axe (7)]
  1194 | D:2      | Killed Terence
  1195 | D:2      | Reached XP level 4. HP: 2/38 MP: 4/4
  1358 | D:3      | Noticed Ijyb
  1363 | D:3      | Killed Ijyb
  1364 | D:3      | Reached skill level 5 in Fighting
  1364 | D:3      | Reached XP level 5. HP: 44/44 MP: 5/5
  1548 | D:3      | Noticed Robin
  1582 | D:3      | Killed Robin
  1589 | D:3      | Reached skill level 6 in Fighting
  1603 | D:3      | Noticed Jessica
  1614 | D:3      | Killed Jessica
  1615 | D:3      | Reached XP level 6. HP: 52/52 MP: 6/6
  1920 | D:3      | Noticed Sigmund
  1929 | D:3      | Killed Sigmund
  1930 | D:3      | Reached skill level 7 in Fighting
  1930 | D:3      | Reached XP level 7. HP: 54/61 MP: 7/7
  2176 | D:4      | Reached skill level 8 in Fighting
  2240 | D:4      | Identified the +0 leather armour of Yttekek {Dex+4}
  2249 | D:4      | Noticed Grinder
  2273 | D:4      | Killed Grinder
  2274 | D:4      | Reached skill level 9 in Fighting
  2274 | D:4      | Reached XP level 8. HP: 35/71 MP: 8/8
  2351 | D:4      | Found a staircase to the Ecumenical Temple.
  2414 | D:4      | Found a glowing drain.
  2441 | Sewer    | Entered a sewer
  2478 | Sewer    | Noticed Pargi
  2490 | Sewer    | Killed Pargi
  2491 | Sewer    | Reached skill level 1 in Armour
  2638 | D:4      | Reached skill level 10 in Fighting
  2682 | Temple   | Entered the Ecumenical Temple
  2809 | Temple   | Became a worshipper of Cheibriados the Contemplative
  3330 | D:5      | Entered Level 5 of the Dungeon
  3414 | D:5      | Found a sand-covered staircase.
  3430 | Ossuary  | Entered an ossuary
  3451 | Ossuary  | Reached * piety under Cheibriados
  3674 | Ossuary  | Reached XP level 9. HP: 72/79 MP: 9/9
  3710 | Ossuary  | Reached ** piety under Cheibriados
  3774 | D:5      | Reached skill level 11 in Fighting
  4084 | D:5      | Found Gestatza's Book Shop.
  4120 | D:6      | Noticed Pikel
  4122 | D:6      | Found Uhoag's Antique Armour Boutique.
  4138 | D:6      | Killed Pikel
  4139 | D:6      | Reached skill level 12 in Fighting
  4139 | D:6      | Reached skill level 5 in Armour
  4351 | D:6      | Bought a smoking scarf for 220 gold pieces
  4351 | D:6      | Identified the scarf "Yduerch" {rC+ rF+, Harm rPois} (You
                  | bought it in a shop on level 6 of the Dungeon)
  4387 | D:6      | Identified the +1 ring mail of the Sun {Str+5}
  4997 | D:6      | Identified the +3 cloak of Xawouf {Str+6}
  5060 | D:7      | Reached XP level 10. HP: 70/91 MP: 10/10
  5078 | D:7      | Reached *** piety under Cheibriados
  5082 | D:7      | Reached skill level 13 in Fighting
  5304 | D:7      | Noticed an oklob plant
  5313 | D:7      | Killed an oklob plant
  5314 | D:7      | Reached skill level 5 in Ranged Weapons
  5477 | D:7      | Found a broken altar of Ashenzari.
  5489 | D:7      | Found a stormy altar of Qazlal.
  5519 | D:7      | Identified the +4 long sword "Liskifih" {flame, rC+ Str+3}
  5589 | D:7      | Reached **** piety under Cheibriados
  6084 | D:8      | Found Leetoqixiq's Assorted Antiques.
  6294 | D:8      | Found Raxapsao's Magic Scroll Emporium.
  6308 | D:8      | Bought a scroll of identify for 28 gold pieces
  6404 | D:8      | Found a hazy altar of Hepliaklqana.
  6405 | D:8      | Found a shadowy altar of Dithmenos.
  6479 | D:8      | Found a glowing silver altar of Zin.
  6635 | D:8      | Reached skill level 14 in Fighting
  6640 | D:8      | Noticed Prince Ribbit
  6648 | D:8      | Killed Prince Ribbit
  6701 | D:8      | Found Kuinusep's General Store.
  6795 | D:9      | Reached XP level 11. HP: 49/101 MP: 11/11
  6797 | D:9      | HP: 5/101 [yak (6)]
  6800 | D:9      | Slain by a yak

Illustrated notes

Levels and vault maps discovered:
D:1:      nzn_arrival_crosshair, layout_rooms,
          hellmonk_ecumenical_altar_slurped_away
D:2:      layout_loops_ring, basic_altar
D:3:      layout_basic, grunt_ministairs_1, minmay_misc_feat_hallway,
          uniq_jessica, uniq_ijyb, uniq_sigmund, uniq_robin, uniq_terence
D:4:      layout_loops_ring, minmay_temple_entry_statues, portal_sewer_entry_b,
          uniq_grinder
D:5:      layout_rooms, nicolae_ossuary_entry_monument, serial_shops,
          nicolae_lakefront_shop
D:6:      layout_loops_ring, serial_shops, shop, st_stairs_8, moated_statue,
          uniq_pikel
D:7:      lemuel_slime, layout_gridville, mainiacjoe_overflow_catwalk_spiral,
          enter_bailey_8, serial_demonic, serial_demonic_e, serial_demonic_e,
          serial_demonic_a, serial_demonic_g, serial_bayou_crossing
D:8:      layout_gridville, riverfiend_overflow_shadow_ancestor,
          amcnicky_altar_gilded, serial_shops, shop, shop,
          nicolae_lakefront_shop, uniq_prince_ribbit1
D:9:      nzn_winding_woodlands_small [nzn_winding_woodlands_5x15_pockets,
          nzn_winding_woodlands_center_diamonds,
          nzn_winding_woodlands_5x15_parted], layout_cave_pools,
          lair_entry_dummy, serial_shops, shop
Temple:   minmay_temple_curvy_branch

Skill      XL: |  1  2  3  4  5  6  7  8  9 10 |
---------------+-------------------------------+-----
Fighting       | 3 4 5 6 7 9 10 12 14 | 14.3
Armour         | 3 6 7 |  7.8
Ranged Weapons | 6 |  6.1
Dodging        | |  1.7
Stealth        | |  1.2

Action                     |  1- 3 |  4- 6 |  7- 9 | 10-12 || total
---------------------------+-------+-------+-------+-------++-------
  Melee: Dagger            |    62 |     9 |       |       ||    71
         Spear             |       |    24 |   286 |    29 ||   339
         Punch             |       |       |     4 |     4 ||     8
         Giant club        |       |       |     2 |       ||     2
         Long sword        |       |       |       |    37 ||    37
   Fire: Shortbow          |    68 |    70 |   136 |   154 ||   428
  Throw: Boomerang         |       |       |     3 |       ||     3
    Use: Potion            |     1 |       |       |       ||     1
         Scroll            |       |       |     1 |     4 ||     5
   Stab: Sleeping          |       |       |     4 |       ||     4
 Armour: Leather armour    |     2 |       |       |       ||     2
         Ring mail         |    53 |    29 |   286 |   127 ||   495
  Dodge: Dodged            |    91 |    25 |   366 |   162 ||   644
